 Dungeon Crawl Stone Soup version 0.30-a0-368-g86fb4627a9 (webtiles) character file.

Game seed: 10039419004057659805

28 JOEMAMA2 the Trooper (level 3, 33/33 HPs)
             Began as a Minotaur Berserker on Nov 20, 2022.
             Was a Believer of Trog.
             Got out of the dungeon alive.
             The game lasted 00:01:51 (975 turns).

JOEMAMA2 the Trooper (Minotaur Berserker)            Turns: 975, Time: 00:01:52

Health: 33/33      AC:  5    Str: 23    XL:     3   Next: 0%
Magic:  2/2        EV:  9    Int:  4    God:    Trog [**....]
Gold:   19         SH:  6    Dex:  9    Spells: 2/2 levels left

rFire   . . .      SeeInvis .    a - +0 hand axe
rCold   . . .      Faith    .    g - +0 kite shield
rNeg    . . .      Spirit   .    k - +0 ring mail
rPois   .          Reflect  .    (helmet restricted)
rElec   .          Harm     .    (no cloak)
rCorr   .          Rampage  .    (no gloves)
Will    .....                    (no boots)
Stlth   ..........               (no amulet)
HPRegen 0.25/turn                (no ring)
MPRegen 0.08/turn                (no ring)

@: no status effects
A: horns 2, retaliatory headbutt
a: Renounce Religion, Berserk, Trog's Hand


You escaped.
You worshipped Trog.
Trog was pleased with you.
You visited 1 branch of the dungeon, and saw 1 of its levels.

You collected 19 gold pieces.

Inventory:

Hand Weapons
 a - a +0 hand axe (weapon)
Armour
 b - a +0 animal skin
 g - a +0 kite shield (worn)
 k - a +0 ring mail (worn)
Scrolls
 e - 2 scrolls of identify {unknown}
Potions
 c - a potion of invisibility {unknown}
 d - 2 potions of brilliance {unknown}
 f - a potion of mutation {unknown}
 h - 2 potions of curing {unknown}
 i - a potion of lignification {unknown}
 j - a potion of might {unknown}


   Skills:
 + Level 4.2 Fighting
 + Level 4.1 Axes
 + Level 2.7 Armour
 + Level 2.5 Dodging
 + Level 0.1 Shields


You had 2 spell levels left.
You didn't know any spells.
Your spell library was empty.

Dungeon Overview and Level Annotations

Branches:
Dungeon (1/15)

Altars:


Innate Abilities, Weirdness & Mutations

You have a pair of horns on your head.
You reflexively headbutt those who attack you in melee.


Message History

You kill the hobgoblin!
Trog accepts your kill.
You can now call upon Trog for regeneration and willpower.
You see here a hobgoblin corpse.
Done exploring.
Done exploring.
Done exploring.
Done exploring.
You open the door.
Search for what [? for help]? armor You see here a +0 ring mail.
k - a +0 ring mail Search for what [Enter for "armor", or ? for help]? cloak Can't find anything matching that.
Search for what [Enter for "cloak", or ? for help]? weapon You start removing your armour.
You continue taking off your +0 animal skin. x4
You finish taking off your +0 animal skin.
You start putting on your armour.
You continue putting on your +0 ring mail. x5
You finish putting on your +0 ring mail.
(D) Dungeon
Where to? (Enter - D:1 @ (x,y), ? - help)
A kobold is nearby!
The kobold shouts!
The kobold closely misses you. You furiously retaliate!
You headbutt the kobold!
You kill the kobold!
Trog accepts your kill.
You have reached level 3!
Your experience leads to an increase in your attributes!
Increase (S)trength, (I)ntelligence, or (D)exterity?
You feel stronger. x2
Things that are here:
a +0 mace; a kobold corpse
There is an open door here.
There is a staircase leading out of the dungeon here.
You can't go down here!
Are you sure you want to leave the Dungeon?
This will make you lose the game!
You have escaped!

###.##..#####≈≈≈≈≈≈≈#####..###.#
#..##.### #≈≈≈.....≈≈≈# ###.####
#.##.## #...........# ##.# #.##.#
######(###### #.# #.#.######
####8'8#### #####.####
#.#.##≈..###.........###..[##.#.>
#.#.#≈≈..##...........##....#.#..
#.#.#≈§..#'............#....#.#..
#...'≈..('8.....@...........'.###
#.#.#§§.(##............#....#.#
#.#.#≈≈..##...........##....#.#
..#.##≈§.###.........###...##)#
####.##### ###8'8#8### #####.## #
#.# ######'###### #.# # #.##
#..§§.......# ##.# # ##.###
#≈§≈.....≈≈≈# ###.##
##..#####≈§≈≈≈§§#####..##


There were no monsters in sight!

Vanquished Creatures
  A dart slug (D:1)
  3 endoplasms (D:1)
  A giant cockroach (D:1)
  3 goblins (D:1)
  5 hobgoblins (D:1)
  A quokka (D:1)
  4 ball pythons (D:1)
  A frilled lizard (D:1)
  3 kobolds (D:1)
  2 rats (D:1)
24 creatures vanquished.

Notes
Turn   | Place    | Note
-------+----------+-------------------------------------------
     0 | D:1      | JOEMAMA2 the Minotaur Berserker began the quest for the
                  | Orb.
     0 | D:1      | Reached XP level 1. HP: 19/19 MP: 0/0
   222 | D:1      | Reached XP level 2. HP: 27/27 MP: 1/1
   893 | D:1      | Reached ** piety under Trog
   957 | D:1      | Reached XP level 3. HP: 33/33 MP: 2/2
   975 | D:$      | Got out of the dungeon alive.

Illustrated notes

Levels and vault maps discovered:
D:1:      dpeg_arrival_morbid_curiosity, layout_loops_ring

Skill      XL: |  1  2 |
---------------+-------+-----
Axes           | 4 |  4.1
Fighting       | 4 |  4.2
Armour         | |  2.7
Dodging        | |  2.5
Shields        | |  0.1

Action                   || total
-------------------------++-------
Melee: Hand axe          ||    42
       Headbutt          ||     8
Armor: Animal skin       ||     6
Dodge: Dodged            ||    23
Block: Kite shield       ||    16

Table legend: (Time is in decaauts)
 A = Elapsed time spent in this place.
 B = Non-inter-level travel time spent in this place.
 C = Inter-level travel time spent in this place.
 D = Time resting spent in this place.
 E = Time spent auto-exploring this place.
 F = Levels seen in this place.
 G = Mean time per level.
                   A        B        C        D        E       F      G
               +--------+--------+--------+--------+--------+-----+--------+
         Total |    983 |    954 |     29 |      0 |    731 |   1 |  983.0 |
       Dungeon |    983 |    954 |     29 |      0 |    731 |   1 |  983.0 |
               +--------+--------+--------+--------+--------+-----+--------+

Top non-repeatable levels by time:
     D:1: 983 daAuts
